 Dungeon Sprint DCSS version 0.27-a0-797-g27d10ad80f (webtiles) character file.

Game seed: 4948326843033386075

2082 mhtbhm the Cleaver (level 9, 0/97 HPs)
             Began as a Troll Berserker on Mar 27, 2021.
             Was a High Priest of Trog.
             Slain by an ufetubus (2 damage)
             ... summoned by a ynoxinul
             ... in the Dungeon (Sprint VII: "The Pits").
             The game lasted 00:01:52 (597 turns).

mhtbhm the Cleaver (Troll Berserker)                 Turns: 597, Time: 00:01:52

Health: 0/97       AC:  4    Str: 30    XL:     9   Next: 6%
Magic:  8/8        EV: 11    Int:  3    God:    Trog [*****.]
Gold:   0          SH:  0    Dex:  9    Spells: 8/8 levels left

rFire    . . .     SeeInvis .   a - +3 battleaxe (flame)
rCold    . . .     Faith    .   (shield currently unavailable)
rNeg     . . .     Spirit   .   b - +0 animal skin
rPois    .         Reflect  .   (helmet restricted)
rElec    .         Harm     .   (no cloak)
rCorr    .         Rampage  .   (gloves unavailable)
Will     .....     NoTele   +   (boots unavailable)
Stlth    +.........             (no amulet)
HPRegen  1.26/turn              (no ring)
MPRegen  0.11/turn              (no ring)

@: berserk cooldown, slowed, very slow
A: large, unfitting armour, claws 3, regeneration 1, shaggy fur 1, tough skin 1
a: Renounce Religion, Berserk, Trog's Hand, Brothers in Arms


You were in the Dungeon.
You worshipped Trog.
Trog was extremely pleased with you.
You visited 1 branch

Inventory:

Hand Weapons
 a - a +3 battleaxe of flaming (weapon)
Armour
 b - a +0 animal skin (worn)
Jewellery
 l - a +3 ring of protection
 m - a +3 ring of evasion
Wands
 k - a wand of polymorph (5)
Scrolls
 h - a scroll of blinking
 j - a scroll of summoning
Potions
 c - 8 potions of curing
 d - 8 potions of heal wounds
 e - 2 potions of haste
 f - 4 potions of magic
 g - 4 potions of berserk rage
 i - 2 potions of invisibility
 n - 2 potions of resistance


   Skills:
 + Level 8.9 Fighting
 + Level 13.3 Axes
 + Level 7.3 Dodging


You had 8 spell levels left.
You didn't know any spells.
Your spell library was empty.

Dungeon Overview and Level Annotations

Branches:
Dungeon (1/1)

Altars:
Cheibriados
Dithmenos
Elyvilon
Fedhas
Gozag
Hepliaklqana
Makhleb
Nemelex Xobeh
Okawaru
Qazlal
Ru
Sif Muna
Trog
Wu Jian
Xom
Yredelemnul
Zin
The Shining One
Jiyva


Innate Abilities, Weirdness & Mutations

You are too large for most types of armour.
You have claws for hands.
Your natural rate of healing is unusually fast.
You are covered in fur. (AC +1)
You have tough skin. (AC +1)


Message History

You closely miss the ynoxinul. You closely miss the ufetubus.
The ufetubus closely misses you.
The ufetubus hits you but does no damage.
The ynoxinul gestures.
You closely miss the ynoxinul. You slice the ufetubus!! You burn the ufetubus.
You kill the ufetubus!
You miss the ufetubus.
The ynoxinul gestures.
The ufetubus barely misses you.
The ufetubus hits you but does no damage.
Unknown command.
You slash the ynoxinul! You burn the ynoxinul.
The ynoxinul is heavily wounded.
You closely miss the ufetubus. The ufetubus barely misses you.
The ufetubus hits you but does no damage.
You barely miss the ynoxinul.
The ynoxinul is heavily wounded.
You slice the ufetubus!! You burn the ufetubus.
You kill the ufetubus!
You slice the ufetubus!! You burn the ufetubus.
You kill the ufetubus!
The ynoxinul hits you!
* * * LOW HITPOINT WARNING * * *
Unknown command.
You barely miss the ynoxinul.
The ynoxinul is heavily wounded.
You closely miss the ufetubus. You miss the ufetubus.
The ufetubus closely misses you. The ufetubus barely misses you.
The ynoxinul barely misses you.
You barely miss the ynoxinul.
The ynoxinul is heavily wounded.
You completely miss the ufetubus. You barely miss the ufetubus.
You slash the ufetubus! You burn the ufetubus.
You kill the ufetubus!
You are no longer berserk.
You are exhausted.
You feel yourself slow down. The ufetubus hits you.
* * * LOW HITPOINT WARNING * * *
The ufetubus hits you.
You die...

))#####'#####''################
))##.......##''#
))##.......##..#
[[##.......##..#
'###...<...##..####
..##.......##..#..###
..##.......##..#....##
####.......##..'55...#
..###########..'@3...+
.############..'.....#
)#....#..[[##..#....##
'#....#.![[##..#..###
))....'..))##..####
)#....#..))##..#
†#....#..))##..#
################


You could see a ynoxinul and 2 ufetubi.

Vanquished Creatures
  A phantasmal warrior (D)
  A tyrant leech (D)
  A fire bat (D)
  A water moccasin (D)
  A small abomination (D)
  A centaur (D)
  A lemure (D)
  A quasit (D)
  A jelly (D)
  3 iron imps (D)
  An orc wizard (D)
  A gnoll (D)
  A white imp (D)
  An ufetubus (D)
  4 orcs (D)
  2 ball pythons (D)
  A bat (D)
  An endoplasm (D)
  6 jackals (D)
  A kobold (D)
  2 rats (D)
33 creatures vanquished.

Vanquished Creatures (collateral kills)
  A deep elf zephyrmancer (D)
  Pikel (D)
  A deep elf pyromancer (D)
3 creatures vanquished.

Grand Total: 36 creatures vanquished

Notes
Turn   | Place    | Note
-------+----------+-------------------------------------------
     0 | D        | mhtbhm the Troll Berserker began the quest for the Orb.
     0 | D        | Reached XP level 1. HP: 22/22 MP: 0/0
    61 | D        | Reached ** piety under Trog
   139 | D        | Reached skill level 3 in Axes
   144 | D        | Reached *** piety under Trog
   145 | D        | Reached XP level 2. HP: 31/31 MP: 1/1
   164 | D        | Reached **** piety under Trog
   169 | D        | Reached skill level 4 in Axes
   234 | D        | Found a bloodstained altar of Trog.
   234 | D        | Found a shimmering blue altar of Sif Muna.
   234 | D        | Found a viscous altar of Jiyva.
   234 | D        | Found a hazy altar of Hepliaklqana.
   234 | D        | Found an opulent altar of Gozag.
   265 | D        | Reached XP level 3. HP: 39/39 MP: 2/2
   268 | D        | Reached ***** piety under Trog
   274 | D        | Reached skill level 5 in Axes
   274 | D        | Reached XP level 4. HP: 48/48 MP: 3/3
   274 | D        | Received a gift from Trog
   275 | D        | Reached skill level 6 in Axes
   328 | D        | Noticed a centaur
   332 | D        | Killed a centaur
   333 | D        | Reached skill level 5 in Fighting
   333 | D        | Reached skill level 7 in Axes
   333 | D        | Reached XP level 5. HP: 51/58 MP: 4/4
   340 | D        | Noticed a fire bat
   347 | D        | Reached skill level 8 in Axes
   348 | D        | Received a gift from Trog
   350 | D        | Killed a fire bat
   351 | D        | Reached skill level 9 in Axes
   351 | D        | Reached skill level 5 in Dodging
   351 | D        | Reached XP level 6. HP: 68/68 MP: 5/5
   386 | D        | Noticed Pikel
   386 | D        | Noticed a deep elf pyromancer
   386 | D        | Noticed a deep elf zephyrmancer
   395 | D        | Killed Pikel
   396 | D        | Reached skill level 11 in Axes
   396 | D        | Reached XP level 7. HP: 73/78 MP: 6/6
   397 | D        | Killed a deep elf pyromancer
   398 | D        | Reached XP level 8. HP: 86/88 MP: 7/7
   398 | D        | Killed a deep elf zephyrmancer
   399 | D        | Reached skill level 12 in Axes
   489 | D        | Found a glowing golden altar of the Shining One.
   489 | D        | Found a glowing silver altar of Zin.
   489 | D        | Found a basalt altar of Yredelemnul.
   489 | D        | Found a shimmering altar of Xom.
   489 | D        | Found an ornate altar of the Wu Jian Council.
   489 | D        | Found a sacrificial altar of Ru.
   489 | D        | Found a stormy altar of Qazlal.
   489 | D        | Found an iron altar of Okawaru.
   489 | D        | Found a sparkling altar of Nemelex Xobeh.
   489 | D        | Found a burning altar of Makhleb.
   489 | D        | Found a blossoming altar of Fedhas.
   489 | D        | Found a white marble altar of Elyvilon.
   489 | D        | Found a shadowy altar of Dithmenos.
   489 | D        | Found a snail-covered altar of Cheibriados.
   514 | D        | Noticed a phantasmal warrior
   523 | D        | Killed a phantasmal warrior
   578 | D        | Noticed a tyrant leech
   586 | D        | Received a gift from Trog
   587 | D        | Reached skill level 13 in Axes
   590 | D        | Killed a tyrant leech
   591 | D        | Reached XP level 9. HP: 9/97 MP: 8/8
   595 | D        | HP: 3/145 [ynoxinul (11)]
   597 | D        | Slain by an ufetubus

Illustrated notes

Levels and vault maps discovered:
D:        pitsprint [storerooms_1, entrance_room_1, metal_vault_1, armoury_2,
          mini_pit_1, grid_room_1, main_hall_1, silver_pit, the_coven_1,
          the_vestibule_1, steel_vault_3, golden_pit, hallway_of_sentries,
          crystal_vault_6, iron_vault_3, final_vault]

Skill      XL: |  1  2  3  4  5  6  7  8 |
---------------+-------------------------+-----
Fighting       | 3 4 5 6 7 8 |  8.9
Axes           | 3 4 5 7 9 11 13 | 13.3
Dodging        | 3 4 5 6 7 |  7.3

Action                   |  1- 3 |  4- 6 |  7- 9 || total
-------------------------+-------+-------+-------++-------
Melee: Hand axe          |    40 |     3 |       ||    43
       War axe           |       |    19 |       ||    19
       Battleaxe         |       |     3 |    23 ||    26
Invok: Berserk           |     2 |     2 |     2 ||     6
       Brothers in Arms  |       |     1 |       ||     1
Armor: Animal skin       |    19 |     5 |    12 ||    36
Dodge: Dodged            |    25 |    21 |    22 ||    68

Table legend: (Time is in decaauts)
 A = Elapsed time spent in this place.
 B = Non-inter-level travel time spent in this place.
 C = Inter-level travel time spent in this place.
 D = Time resting spent in this place.
 E = Time spent auto-exploring this place.
 F = Levels seen in this place.
 G = Mean time per level.
                   A        B        C        D        E       F      G
               +--------+--------+--------+--------+--------+-----+--------+
         Total |    632 |    632 |      0 |    218 |     64 |   1 |  632.0 |
       Dungeon |    632 |    632 |      0 |    218 |     64 |   1 |  632.0 |
               +--------+--------+--------+--------+--------+-----+--------+

Top non-repeatable levels by time:
       D: 632 daAuts
